 Dungeon Crawl Stone Soup version 0.22-a0-618-gd6a3efe (webtiles) character file.

63 Amnesiac the Magician (level 3, -10/24 HPs)
             Began as a Mummy Earth Elementalist on July 14, 2018.
             Mangled by Menkaure (17 damage)
             ... on level 5 of the Dungeon.
             The game lasted 00:01:35 (684 turns).

Amnesiac the Magician (Mummy Earth Elementalist)     Turns: 684, Time: 00:01:36

Health: -10/24     AC:  2    Str: 11    XL:     3   Next: 87%
Magic:  11/17      EV: 12    Int: 15    God:
Gold:   42         SH:  0    Dex: 12    Spells: 6/9 levels left

rFire    x . .     SeeInvis .   e - +0 dagger
rCold    + . .     Gourm    .   (no shield)
rNeg     + + +     Faith    .   c - +0 robe
rPois    ∞         Spirit   .   (no helmet)
rElec    .         Reflect  .   (no cloak)
rCorr    .         Harm     .   (no gloves)
MR       .....                  (no boots)
Stlth    ++........             (no amulet)
HPRegen  0.08/turn              f - ring of magical power
MPRegen  0.15/turn              (no ring)

@: no status effects
A: no food or potions, fire vulnerability, cold resistance 1, negative energy
resistance 3, torment resistance, unbreathing
a: no special abilities


You were on level 5 of the Dungeon.
You were not hungry.

You visited 1 branch of the dungeon, and saw 5 of its levels.

You collected 42 gold pieces.

Inventory:

Hand Weapons
 e - a +0 dagger (weapon)
Missiles
 b - 51 stones (quivered)
Armour
 a - a +0 shield
 c - a +0 robe (worn)
Magical Staves
 j - a cursed staff of wizardry {unknown}
Jewellery
 f - a ring of magical power (left hand)
Wands
 i - a wand of random effects (41)
Scrolls
 d - a scroll of remove curse {!r, unknown}
 g - a scroll of identify {!r, unknown}
 h - a scroll of teleportation {!r, unknown}


   Skills:
 + Level 0.0 Short Blades
 - Level 1.5 Dodging
 - Level 1.5 Stealth
 + Level 3.5 Spellcasting
 - Level 1.1 Transmutations
 * Level 3.5 Earth Magic


You had 6 spell levels left.
You knew the following spells:

 Your Spells              Type           Power        Failure   Level  Hunger
a - Sandblast             Erth           ##....       4%          1    N/A
b - Passwall              Tmut/Erth      #.......     11%         2    N/A

Your spell library contained the following spells:

 Spells                   Type           Power        Failure   Level  Hunger
 Stone Arrow              Conj/Erth      #.....       28%         3    N/A
 Lee's Rapid Deconstruct  Erth           ##........   77%         5    N/A
 Petrify                  Tmut/Erth      #.......     58%         4    N/A

Dungeon Overview and Level Annotations

Branches:
Dungeon (5/15)
 Temple: D:4-7

Altars:

Annotations:
D:5 Menkaure


Innate Abilities, Weirdness & Mutations

You do not eat or drink.
Your flesh is vulnerable to fire.
You are immune to poison.
Your flesh is cold resistant. (rC+)
You are immune to negative energy. (rN+++)
You are immune to unholy pain and torment.
You can survive without breathing.


Message History

Confirm with . or Enter, or press ? or * to list all spells.
Aiming: Sandblast (safe; 4% risk of failure)
Press: ? - help, Shift-Dir - straight line, f - Menkaure
Aim: Menkaure (fast)
The blast of sand hits Menkaure.
Menkaure is lightly damaged.
b - 56 stones Menkaure hits you.
Casting: Sandblast (safe; 4% risk of failure)
Confirm with . or Enter, or press ? or * to list all spells.
Aiming: Sandblast (safe; 4% risk of failure)
Press: ? - help, Shift-Dir - straight line, f/p - Menkaure
Aim: Menkaure (lightly damaged, fast)
The blast of sand hits Menkaure.
Menkaure is lightly damaged.
b - 55 stones Menkaure hits you!
Ouch! That really hurt!
* * * LOW HITPOINT WARNING * * *
Casting: Sandblast (safe; 4% risk of failure)
Confirm with . or Enter, or press ? or * to list all spells.
Aiming: Sandblast (safe; 4% risk of failure)
Press: ? - help, Shift-Dir - straight line, f/p - Menkaure
Aim: Menkaure (lightly damaged, fast)
The blast of sand hits Menkaure.
Menkaure is moderately damaged.
b - 54 stones Menkaure barely misses you. x2
Unknown command.
Casting: Sandblast (safe; 4% risk of failure)
Confirm with . or Enter, or press ? or * to list all spells.
Aiming: Sandblast (safe; 4% risk of failure)
Press: ? - help, Shift-Dir - straight line, f/p - Menkaure
Aim: Menkaure (moderately damaged, fast)
The blast of sand misses Menkaure.
The blast of sand hits the jackal.
You kill the jackal!
b - 53 stones Menkaure barely misses you.
Unknown command.
Casting: Sandblast (safe; 4% risk of failure)
Confirm with . or Enter, or press ? or * to list all spells.
Aiming: Sandblast (safe; 4% risk of failure)
Press: ? - help, Shift-Dir - straight line, f/p - Menkaure
Aim: Menkaure (moderately damaged, fast)
The blast of sand hits Menkaure.
Menkaure is heavily damaged.
b - 52 stones Menkaure closely misses you.
Unknown command.
Press: ? - help, v - describe, . - travel
Here: Menkaure (heavily damaged, fast)
The floor.
Unknown command.
Casting: Sandblast (safe; 4% risk of failure)
Confirm with . or Enter, or press ? or * to list all spells.
Aiming: Sandblast (safe; 4% risk of failure)
Press: ? - help, Shift-Dir - straight line, f/p - Menkaure
Aim: Menkaure (heavily damaged, fast)
The blast of sand hits Menkaure.
Menkaure is severely damaged.
b - 51 stones Menkaure hits you!
Ouch! That really hurt!
You die...

............#
...#......##
#...####
#..##.#....##
#..........#
######<#....#
#o##.....#
#M# #.....
#@# ..##.
#.......#
.....##.#
..........
..####..#..
### #.# # .#
.


You could see Menkaure and an orc.

Vanquished Creatures
  A hound (D:4)
  2 adders (D:2)
  A leopard gecko (D:2)
  A bat (D:1)
  A giant cockroach (D:2)
  2 goblins
  2 jackals (D:5)
  5 ball pythons
  A frilled lizard (D:3)
  A rat (D:1)
17 creatures vanquished.

Notes
Turn   | Place    | Note
-------+----------+-------------------------------------------
     0 | D:1      | Amnesiac the Mummy Earth Elementalist began the quest for the Orb.
     0 | D:1      | Reached XP level 1. HP: 13/13 MP: 4/4
    97 | D:2      | Reached XP level 2. HP: 2/19 MP: 0/6
   331 | D:2      | Reached XP level 3. HP: 21/24 MP: 4/7
   343 | D:2      | Learned a level 2 spell: Passwall
   637 | D:4      | Reached skill level 1 in Transmutations
   663 | D:5      | Entered Level 5 of the Dungeon
   666 | D:5      | Noticed Menkaure
   684 | D:5      | Mangled by Menkaure

Vault maps used:
D:1:      moated_graveyard_arrival, glass_columns_b
D:2:      first_ration, serial_forest, infiniplex_forest_end_3,
          infiniplex_forest_straight_1, infiniplex_forest_end_3,
          infiniplex_forest_clump_small, infiniplex_forest_clump_curved,
          infiniplex_forest_fountain, infiniplex_forest_lined_room_3,
          st_stairs_13, grunt_decor_one_mirror
D:3:      tgw_xom, corexii_shack, fedhas_altar_4
D:5:      uniq_menkaure, uniq_grinder, uniq_eustachio

Skill      XL: |  1  2  3 |
---------------+----------+-----
Spellcasting   | 3 |  3.5
Earth Magic    | 3 |  3.5
Transmutations | 1 |  1.1
Dodging        | |  1.5
Stealth        | |  1.5

Action                   || total
-------------------------++-------
Melee: Unarmed           ||    21
       Dagger            ||     7
 Cast: Sandblast         ||    24
Armor: Robe              ||     5
Dodge: Dodged            ||    43

Table legend:
 A = Spawn XP
 B = Non-spawn XP
 C = Spawn XP percentage of total XP
 D = Spawn monster count
 E = Non-spawn monster count
 F = Spawn count percentage of total count
 G = Total turns spent on level
                    A         B        C        D         E        F      G
               +---------+---------+-------+---------+---------+-------+---------
         Total |       0 |      90 |   0.0 |       0 |      17 |   0.0 |   684
               +---------+---------+-------+---------+---------+-------+---------
           D:1 |       0 |       8 |   0.0 |       0 |       5 |   0.0 |    81
           D:2 |       0 |      36 |   0.0 |       0 |       7 |   0.0 |   369
           D:3 |       0 |       2 |   0.0 |       0 |       2 |   0.0 |    80
           D:4 |       0 |      40 |   0.0 |       0 |       1 |   0.0 |   133
           D:5 |       0 |       4 |   0.0 |       0 |       2 |   0.0 |    21
               +---------+---------+-------+---------+---------+-------+---------
